 Dungeon Crawl Stone Soup version 0.18-a0-1273-g8ec5f8e (webtiles) character file.

74 Duffy the Sneak (level 4, -3/23 HPs)
             Began as a Vine Stalker Assassin on Feb 7, 2016.
             Killed by nerve-wracking pain
             ... invoked by Grinder
              (12 damage)
             ... while paralysed by Grinder
             ... on level 3 of the Dungeon on Feb 8, 2016.
             The game lasted 00:02:01 (1993 turns).

Duffy the Sneak (Vine Stalker Assassin)             Turns: 1993, Time: 00:02:01

Health: -3/23      AC:  7    Str: 13    XL:     4   Next: 28%
Magic:  0/5        EV:  2    Int: 12    God:
Gold:   68         SH:  0    Dex: 16    Spells: 0 memorised, 3 levels left

rFire  . . .     SeeInvis .     a - +2 dagger
rCold  . . .     Gourm    .     v - +0 ring mail
rNeg   + . .     Faith    .     o - +0 buckler
rPois  .         Spirit   +     (no helmet)
rElec  .         Dismiss  .     d - +0 cloak
rCorr  .         Reflect  .     i - +0 pair of gloves
SustAt .         Harm     .     (no boots)
MR     .....                    (no amulet)
Stlth  ++........               (no ring)
                                k - ring of positive energy

@: paralysed, not resistant to hostile enchantments, unstealthy
A: fangs 2, regeneration 1, magic shield, antimagic bite, no device heal 3, rot
immunity
a: no special abilities


You were on level 3 of the Dungeon.
You were hungry.

You visited 1 branch of the dungeon, and saw 3 of its levels.

You collected 68 gold pieces.


Innate Abilities, Weirdness & Mutations

You have extremely sharp teeth.
Your natural rate of healing is unusually fast.
When hurt, damage is shared between your health and your magic reserves.
Your bite disrupts and absorbs the magic of your enemies.
Potions and wands cannot restore your health.
You are immune to rotting.


   Skills:
 + Level 2.9 Fighting
 - Level 2.0 Short Blades
 - Level 2.0 Throwing
 + Level 1.9 Dodging
 - Level 5.0 Stealth


You had 3 spell levels left.
You didn't know any spells.

Inventory:

Hand Weapons
 a - a +2 dagger (weapon)
 b - a +0 blowgun
Missiles
 e - 8 poisoned needles
 f - 2 curare-tipped needles
 r - 2 throwing nets (quivered)
Armour
 c - a +0 robe
 d - a +0 cloak (worn)
 i - a +0 pair of gloves (worn)
 o - a +0 buckler (worn)
 v - a +0 ring mail (worn)
Jewellery
 k - a ring of positive energy (left hand)
Scrolls
 h - 2 scrolls of teleportation {unknown}
 m - 4 scrolls of identify {unknown}
 q - a scroll of random uselessness {unknown}
 t - a scroll of recharging {unknown}
 x - a scroll of immolation {unknown}
Potions
 j - a potion of flight {unknown}
 l - a potion of magic {unknown}
 s - 2 potions of curing {unknown}
 w - a potion of cure mutation {unknown}
Comestibles
 g - a bread ration
 n - a meat ration
 p - 2 chunks of flesh
 u - a royal jelly

Dungeon Overview and Level Annotations

Branches:
Dungeon (3/15)

Altars:

Annotations:
D:3 Grinder


Message History

Grinder is lightly wounded.
Grinder closely misses you.
You closely miss Grinder. You bite Grinder, but do no damage.
Grinder is lightly wounded.
Grinder closely misses you.
You are feeling hungry.
You hit Grinder.
Grinder is lightly wounded.
Grinder gestures at you.
You struggle to resist.
You hit Grinder but do no damage.
Grinder is lightly wounded.
Grinder gestures at you. Pain shoots through your body!
You barely miss Grinder. You bite Grinder, but do no damage.
Grinder is lightly wounded.
You block Grinder's attack.
You hit Grinder. You bite Grinder, but do no damage.
Grinder is lightly wounded.
Grinder closely misses you.
You hit Grinder but do no damage.
Grinder is lightly wounded.
Grinder gestures at you.
You suddenly lose the ability to move!
Grinder hits you but does no damage. Grinder gestures at you.
You resist with significant effort. Grinder completely misses you.
Grinder gestures at you. Pain shoots through your body! Grinder hits you.
Grinder gestures at you. Pain shoots through your body!
Ouch! That really hurt!
You die...

......? ########
......#
#......#######......#
#......##....#......#
#......##%..........#
#......##...........#
+......##........####
#......##5...#####
###.....@....#
#..........#
#.......####
#######.....(.#
#........######
#........#
#####........#
.............#
##############


You could see Grinder.

Action                   |  1- 3 |  4- 6 || total
-------------------------+-------+-------++-------
Melee: Dagger            |   120 |    50 ||   170
 Stab: Sleeping          |     7 |     1 ||     8
  Eat: Chunk             |     2 |     1 ||     3

Notes
Turn   | Place    | Note
--------------------------------------------------------------
     0 | D:1      | Duffy the Vine Stalker Assassin began the quest for the Orb.
     0 | D:1      | Reached XP level 1. HP: 11/11 MP: 2/2
   143 | D:1      | Reached skill level 2 in Short Blades
   143 | D:1      | Reached skill level 2 in Throwing
   182 | D:1      | Reached XP level 2. HP: 15/15 MP: 3/3
   273 | D:1      | Reached skill level 5 in Stealth
   362 | D:1      | Reached skill level 1 in Dodging
   660 | D:1      | Reached skill level 2 in Fighting
  1056 | D:2      | Reached XP level 3. HP: 16/18 MP: 4/4
  1470 | D:2      | Found a faded altar to an unknown god.
  1507 | D:2      | Reached XP level 4. HP: 19/23 MP: 3/5
  1961 | D:3      | Noticed Grinder
  1987 | D:3      | Paralysed by Grinder for 6 turns
  1993 | D:3      | Killed from afar by Grinder

Vault maps used:
D:1:      nagdon_arrival_zigzag_paths
D:2:      ecumenical_altar_1, minmay_liquid_box
D:3:      cheibriados_altar_1, uniq_grinder, uniq_jessica

Vanquished Creatures
  2 adders
  A giant gecko
  3 giant cockroaches
  6 goblins
  2 hobgoblins
  12 jackals
  2 kobolds
  2 quokkas
  A ball python
  7 bats
  2 giant newts
  9 rats
49 creatures vanquished.
